 Dungeon Crawl Stone Soup version 0.16-a0-3326-gb44eaf1 (webtiles) character file.

56096 Miyamura the Purifying Orc (level 14, -7/126 HPs)
             Began as a Hill Orc Healer on Dec 24, 2014.
             Was a High Priest of Elyvilon.
             Mangled by an ettin
             ... wielding a +0 dire flail
              (37 damage)
             ... on level 11 of the Dungeon on Dec 27, 2014.
             The game lasted 02:31:17 (38606 turns).

Miyamura the Purifying Orc (Hill Orc Healer)       Turns: 38606, Time: 02:31:17

Health: -7/126     AC: 17    Str: 18    XL:     14   Next: 80%
Magic:  32/33      EV: 10    Int: 18    God:    Elyvilon [*****.]
Gold:   1182       SH:  9    Dex: 10    Spells: 2 memorised, 9 levels left

rFire  . . .     SeeInvis +     r - +3 spear (pierce)
rCold  + . .     Clarity  .     c - +0 chain mail of the Carpenter {rC+ MR+}
rNeg   . . .     SustAb   +     g - +3 buckler
rPois  +         Gourm    .     Z - +0 hat {SInv}
rElec  .         Spirit   .     n - +0 cloak
rCorr  .         Warding  .     W - +2 pair of gloves
rMut   .         Stasis   .     (no boots)
MR     +++..                    (no amulet)
Stlth  ..........               y - ring of poison resistance
                                i - ring of sustain abilities

@: extremely resistant to hostile enchantments, extremely unstealthy
A: clever 1, magic resistance 1, shaggy fur 1, strong 1
a: Lesser Healing, Lesser Self-Healing, Divine Protection, Purification, Greater
Healing, Greater Self-Healing, Divine Vigour, Renounce Religion


You were on level 11 of the Dungeon.
You worshipped Elyvilon.
Elyvilon was extremely pleased with you.
You were near starving.

You visited 7 branches of the dungeon, and saw 27 of its levels.
You visited the Abyss 1 time.

You collected 2408 gold pieces.
You spent 904 gold pieces at shops.

Inventory:

Hand weapons
 r - a +3 spear of piercing (weapon)
Armour
 c - the +0 chain mail of the Carpenter (worn) {rC+ MR+}
   (You bought it in a shop on level 7 of the Dungeon)

   It protects you from cold.
   It affects your resistance to hostile enchantments.
 g - a +3 buckler (worn)
 n - a +0 cloak (worn)
 W - a +2 pair of gloves (worn)
 X - a +2 helmet
 Z - a +0 hat of see invisible (worn)
Jewellery
 i - a ring of sustain abilities (left hand)
 y - a ring of poison resistance (right hand)
 F - an uncursed ring of protection from magic
Magical devices
 a - a wand of slowing (39)
 h - a wand of disintegration (13)
 x - a wand of digging (17)
 M - a wand of confusion (26)
 O - a wand of paralysis (4)
Scrolls
 l - 6 scrolls of remove curse
 m - 2 scrolls of fog
 q - a scroll of recharging
 s - a scroll of identify
 u - 3 scrolls of magic mapping
 v - 2 scrolls of amnesia
 w - 2 scrolls of blinking
 z - 5 scrolls of enchant armour
 C - 3 scrolls of fear
Potions
 b - 6 potions of curing
 d - 2 potions of berserk rage
 f - a potion of magic
 j - 5 potions of cancellation
 k - 3 potions of flight
 p - a potion of cure mutation
 A - 5 potions of restore abilities
 E - 2 potions of brilliance
 H - 4 potions of might
 J - 2 potions of haste
 L - 2 potions of agility
 Y - a potion of invisibility
Books
 e - a book of Minor Magic

   Spells                             Type                      Level
   a - Magic Dart                     Conjuration                  1
   b - Blink                          Translocation                2
   c - Call Imp                       Summoning                    2
   d - Repel Missiles                 Charms/Air                   2
   e - Slow                           Hexes                        2
   f - Conjure Flame                  Conjuration/Fire             3
   g - Mephitic Cloud                 Conjuration/Poison/Air       3
Miscellaneous
 N - a legendary deck of changes {Focus, drawn: 1}
 R - a lamp of fire
Comestibles
 t - 2 bread rations
 G - 3 meat rations


   Skills:
 + Level 12.1 Fighting
 + Level 7.1 Polearms
 + Level 10.7 Armour
 + Level 9.0 Dodging
 + Level 11.0 Shields
 * Level 18.0 Invocations


You had 9 spell levels left.
You knew the following spells:

 Your Spells              Type           Power        Failure   Level  Hunger
a - Blink                 Tloc           N/A          100%        2    ###....
b - Repel Missiles        Chrm/Air       #.....       100%        2    ###....


Dungeon Overview and Level Annotations

Branches:
Dungeon (11/15)            Temple (1/1) D:6            Lair (8/8) D:10
 Shoals (1/5) Lair:3       Spider (1/5) Lair:3          Orc (4/4) D:10
    Elf (1/3) Orc:4
  Slime: Lair:6-8

Altars:
Ashenzari
Cheibriados
Dithmenos
Elyvilon
Fedhas
Gozag
Kikubaaqudgha
Makhleb
Nemelex Xobeh
Okawaru
Qazlal
Ru
Sif Muna
Trog
Vehumet
Xom
Yredelemnul
Zin
The Shining One
Beogh

Shops:
D:7 [   D:8 *   D:10 :   Orc:2 !   Orc:3 [   Orc:4 *(==

Annotations:
Lair:1 exclusion: oklob plant
Lair:3 exclusion: oklob plant
Lair:7 exclusion: oklob plant
Lair:8 exclusion: oklob plant


Innate Abilities, Weirdness & Mutations

Your mind is acute. (Int +2)
You are resistant to hostile enchantments.
You are covered in fur (AC +1).
Your muscles are strong. (Str +2)


Message History

The ettin closely misses you.
You hit the ettin but do no damage. You hit the ettin.
The ettin is lightly wounded.
The ettin closely misses you. You block the ettin's attack.
The tengu reaver goes down the escape hatch.
You hit the ettin but do no damage.
The ettin is lightly wounded.
The ettin hits you with a dire flail!! The ettin closely misses you.
Your chain mail of the Carpenter prevents you from hitting the ettin.
The ettin is lightly wounded.
You hit the ettin but do no damage.
The ettin is lightly wounded.
The ettin hits you with a dire flail. The ettin hits you with a dire flail!!
You barely miss the ettin.
The ettin is lightly wounded.
The ettin hits you with a dire flail!
* * * LOW HITPOINT WARNING * * *
The ettin hits you with a dire flail!!!
You die...

#### ###<.>#
###.#...#
###...#...#
###.....#...#
###.......#...#
#<........@...+
###.......#C..#
###.....#...#
###...#...#
###.#...#
###<.># ####


You could see an ettin.

Vanquished Creatures
  2 wolf spiders (Spider:1)
  A deep elf conjurer (Orc:4)
  A cyclops (Shoals:1)
  A griffon (Shoals:1)
  2 elephants
  The ghost of Miyamura the Caregiver, an experienced DDHe of Elyvilon (D:5)
  A torpor snail (Lair:8)
  Psyche (D:9)
  A queen ant (Lair:8)
  A troll (Orc:4)
  A wind drake (Shoals:1)
  4 merfolk (Shoals:1)
  12 yaks
  5 deep elf magi
  A water elemental (Shoals:1)
  Eustachio (D:6)
  3 deep elf fighters
  A human (D:9)
  3 wolves
  7 hippogriffs
  5 wargs
  14 soldier ants
  3 wyverns
  3 water moccasins
  9 porcupines
  A sky beast (D:10)
  A swamp drake (Orc:3)
  9 orc warriors
  2 black bears
  2 centaurs
  10 crocodiles
  2 phantoms
  A boring beetle (Lair:4)
  8 ogres
  Sigmund (D:2)
  A big kobold (D:10)
  8 giant frogs
  A wyvern zombie (D:10)
  2 scorpions (D:5)
  A wight (D:8)
  A crimson imp (Orc:3)
  A goliath beetle (D:9)
  5 hounds
  2 jellies
  A centaur zombie (D:5)
  26 orc priests
  An iron imp (Orc:3)
  Natasha (thrice) (D:3)
  A spectral orc (Orc:4)
  2 sheep
  42 orc wizards
  3 iguanas
  38 worker ants
  Ijyb (D:2)
  A hound zombie (D:7)
  Terence (D:2)
  5 worker ant zombies
  An orc zombie (Orc:4)
  12 adders
  44 river rats
  2 giant mites
  2 shadow imps
  A white imp (Orc:3)
  A worm (D:4)
  2 adder skeletons (D:4)
  5 giant geckos
  2 oozes
  201 orcs
  12 bats
  3 giant cockroaches
  20 goblins
  23 hobgoblins
  4 jackals
  19 kobolds
  12 quokkas
  5 ball pythons
  4 giant newts
  A giant spore (D:10)
  A quokka zombie (D:6)
  9 rats
  4 ballistomycetes
658 creatures vanquished.

Vanquished Creatures (collateral kills)
  Gastronok (Lair:1)
  A hydra (Lair:8)
  A death yak (Lair:8)
  A boulder beetle (Lair:8)
  A worker ant (Lair:8)
5 creatures vanquished.

Vanquished Creatures (others)
  3 death yaks (Lair:8)
  A catoblepas (Lair:8)
  A deep elf knight (Elf:1)
  2 orc high priests (Orc:4)
  2 orc sorcerers (Orc:4)
  An oklob plant (Lair:3)
  5 drowned souls (Shoals:1)
  An orc knight (Orc:4)
  A cyclops (Shoals:1)
  2 elephants (Lair:8)
  A merfolk (Lair:8)
  4 blink frogs (Lair:4)
  A komodo dragon (Lair:8)
  2 deep elf priests (Elf:1)
  A spiny frog (Lair:4)
  A basilisk (Lair:8)
  A wolf (Lair:5)
  20 yaks
  A deep elf mage (Elf:1)
  A hippogriff (Lair:4)
  A chaos spawn (Orc:4)
  A soldier ant (Lair:8)
  2 water moccasins
  An ogre (Orc:2)
  An orc zombie (Orc:4)
  12 orc warriors
  3 crocodiles
  3 giant frogs
  3 hounds
  8 orc priests
  8 orc wizards
  3 hell rats (Lair:8)
  3 sheep
  An iguana (Lair:2)
  4 adders
  7 river rats
  An ufetubus (Orc:4)
  An adder skeleton (D:8)
  33 orcs
  A bat (D:2)
  A hobgoblin (D:10)
  A ball python (D:2)
  A giant newt (D:3)
  A giant spore (D:9)
  4 goblins
  A jackal (D:1)
  2 kobolds
  An orc skeleton (Orc:4)
  A rat (D:8)
  29 fungi
  13 plants
204 creatures vanquished.

Grand Total: 867 creatures vanquished

Notes
Turn   | Place    | Note
--------------------------------------------------------------
     0 | D:1      | Miyamura, the Hill Orc Healer, began the quest for the Orb.
     0 | D:1      | Reached XP level 1. HP: 16/16 MP: 2/2
   101 | D:1      | Reached skill level 4 in Invocations
   102 | D:1      | Reached XP level 2. HP: 14/23 MP: 2/4
   941 | D:1      | Reached XP level 3. HP: 29/29 MP: 6/6
  1770 | D:2      | Noticed Sigmund
  1891 | D:3      | Reached skill level 5 in Invocations
  1898 | D:3      | Reached XP level 4. HP: 36/36 MP: 1/8
  2005 | D:3      | Noticed Natasha
  2018 | D:3      | Killed Natasha
  2018 | D:3      | Reached skill level 1 in Shields
  2249 | D:3      | Noticed Natasha
  2259 | D:3      | Killed Natasha
  2437 | D:3      | Reached XP level 5. HP: 42/42 MP: 8/10
  2500 | D:3      | Found a snail-covered altar of Cheibriados.
  2527 | D:3      | Noticed Natasha
  2533 | D:3      | Killed Natasha
  2941 | D:2      | Reached skill level 1 in Armour
  2989 | D:2      | Noticed Ijyb
  3002 | D:2      | Killed Ijyb
  3165 | D:2      | Reached XP level 6. HP: 49/51 MP: 9/12
  3309 | D:2      | Reached skill level 6 in Invocations
  3439 | D:2      | Noticed Terence
  3447 | D:2      | Killed Terence
  3496 | D:2      | Killed Sigmund
  3752 | D:4      | Found an iron altar of Okawaru.
  3987 | D:4      | Reached XP level 7. HP: 53/58 MP: 16/16
  4303 | D:4      | Got a faintly glowing robe
  4314 | D:4      | Identified the +2 robe of Charity {Int+2} (You took it off a kobold on level 4 of the Dungeon)
  4520 | D:4      | Reached skill level 7 in Invocations
  4711 | D:5      | Entered Level 5 of the Dungeon
  5029 | D:5      | Acquired Elyvilon's third power
  5128 | D:5      | Reached XP level 8. HP: 62/67 MP: 18/18
  5189 | D:5      | Noticed Miyamura's ghost (experienced DDHe)
  5315 | D:5      | Killed Miyamura's ghost
  5315 | D:5      | Reached skill level 5 in Fighting
  5315 | D:5      | Reached skill level 8 in Invocations
  5839 | D:5      | Found a glowing golden altar of the Shining One.
  5935 | D:6      | Reached skill level 9 in Invocations
  6013 | D:6      | Noticed Eustachio
  6040 | D:6      | Killed Eustachio
  6136 | D:6      | Found a sacrificial altar of Ru.
  6151 | D:6      | Found an ancient bone altar of Kikubaaqudgha.
  6228 | D:6      | Reached XP level 9. HP: 40/75 MP: 13/22
  6478 | D:6      | Found a sparkling altar of Nemelex Xobeh.
  6580 | D:6      | Found an opulent altar of Gozag.
  6701 | D:6      | Found a staircase to the Ecumenical Temple.
  6713 | Temple   | Entered the Ecumenical Temple
  6915 | D:7      | Found Faadwib's Armour Boutique.
  7476 | D:7      | Gained mutation: Your muscles are strong. (Str +2) [potion of beneficial mutation]
  7610 | D:8      | Reached skill level 5 in Shields
  7738 | D:8      | Found a shattered altar of Ashenzari.
  7766 | D:8      | Reached skill level 10 in Invocations
  7791 | D:8      | Found a shadowy altar of Dithmenos.
  8106 | D:8      | Found Amodojyg's Assorted Antiques.
  8117 | D:8      | Bought a scroll labeled RITUSU DUARGH for 33 gold pieces
  8183 | D:8      | Found a glowing silver altar of Zin.
  8239 | D:8      | Found a bloodstained altar of Trog.
  8411 | D:9      | Reached skill level 5 in Armour
  8729 | D:9      | Reached skill level 11 in Invocations
  8938 | D:9      | Reached XP level 10. HP: 54/84 MP: 24/24
  9237 | D:9      | Noticed Psyche
  9255 | D:9      | Killed Psyche
  9437 | D:10     | Entered Level 10 of the Dungeon
  9657 | D:10     | Found a staircase to the Lair.
  9809 | D:10     | Reached skill level 5 in Dodging
  9944 | D:10     | Noticed a hill giant
  9946 | D:10     | Pacified a hill giant
 10002 | D:10     | Found Frisil's Book Shoppe.
 10111 | D:10     | Found a roughly hewn altar of Beogh.
 10114 | D:10     | Found a staircase to the Orcish Mines.
 10761 | Lair:1   | Entered Level 1 of the Lair of Beasts
 10782 | Lair:1   | Noticed an oklob plant
 10800 | Lair:1   | Upgraded the game from 0.16-a0-3288-g377cd6f to 0.16-a0-3303-g3c4fcab
 10837 | Lair:1   | Reached skill level 12 in Invocations
 10909 | Lair:1   | Noticed a black mamba
 10911 | Lair:1   | Pacified a black mamba
 11076 | Lair:1   | Noticed Gastronok
 11522 | Lair:1   | Noticed an eight-headed hydra
 11782 | D:10     | Gained mutation: Your mind is acute. (Int +2) [mutagenic meat]
 11784 | D:10     | Gained mutation: You are resistant to hostile enchantments. [mutagenic meat]
 12512 | Lair:1   | Killed Gastronok
 12512 | Lair:1   | Reached XP level 11. HP: 73/94 MP: 27/27
 12833 | Lair:2   | Reached skill level 13 in Invocations
 12997 | Lair:2   | Noticed a four-headed hydra
 12999 | Lair:2   | Pacified a four-headed hydra
 13057 | Lair:2   | Acquired Elyvilon's fourth power
 13673 | Lair:3   | Found a hole to the Spider Nest.
 14149 | Lair:3   | Found a staircase to the Shoals.
 15515 | Lair:4   | Reached skill level 14 in Invocations
 16545 | Lair:4   | Gained mutation: You are covered in fur (AC +1). [potion of beneficial mutation]
 16575 | Lair:4   | Reached XP level 12. HP: 105/105 MP: 29/29
 18547 | Lair:6   | Reached skill level 15 in Invocations
 18873 | Lair:6   | Reached skill level 10 in Fighting
 18873 | Lair:6   | Reached skill level 1 in Polearms
 19211 | Lair:6   | Noticed a five-headed hydra
 19212 | Lair:6   | Pacified a five-headed hydra
 20543 | Lair:7   | Noticed a death yak
 20544 | Lair:7   | Pacified a death yak
 20689 | Lair:7   | Noticed an eight-headed hydra
 20694 | Lair:7   | Pacified an eight-headed hydra
 21164 | Lair:8   | Entered Level 8 of the Lair of Beasts
 21958 | Lair:7   | Reached XP level 13. HP: 79/114 MP: 31/31
 22818 | Lair:8   | Got a slimy great mace
 22824 | Lair:8   | Identified the cursed -1 great mace of Ashenzari's Generosity {crush, Dex+2} (You found it on level 8 of the Lair of Beasts)
 23489 | Lair:8   | Reached skill level 16 in Invocations
 24437 | Lair:8   | Noticed a death yak
 24437 | Lair:8   | Noticed a death yak
 24440 | Lair:8   | Pacified a death yak
 24444 | Lair:8   | Noticed a death yak
 24447 | Lair:8   | Pacified a death yak
 24451 | Lair:8   | Killed a death yak
 24593 | Lair:8   | Noticed a death yak
 24597 | Lair:8   | Pacified a death yak
 24645 | Lair:8   | Pacified a death yak
 24651 | Lair:8   | Noticed a death yak
 24657 | Lair:8   | Pacified a death yak
 24710 | Lair:8   | Noticed a death yak
 24713 | Lair:8   | Pacified a death yak
 24714 | Lair:8   | Noticed a death yak
 24716 | Lair:8   | Pacified a death yak
 24719 | Lair:8   | Noticed a death yak
 24720 | Lair:8   | Noticed a death yak
 24722 | Lair:8   | Pacified a death yak
 24728 | Lair:8   | Pacified a death yak
 24767 | Lair:8   | Killed a death yak
 24853 | Lair:8   | Noticed a death yak
 24853 | Lair:8   | Noticed a death yak
 24857 | Lair:8   | Pacified a death yak
 24858 | Lair:8   | Pacified a death yak
 24914 | Lair:8   | Cast into the Abyss (a distortion unwield)
 24937 | Lair:8   | Escaped the Abyss
 25218 | Lair:8   | Noticed a five-headed hydra
 25581 | Lair:8   | Hired Roas the merfolk for 322 gold.
 25630 | Lair:8   | Killed a five-headed hydra
 25883 | Lair:8   | Reached skill level 10 in Shields
 25892 | Lair:8   | Your ally Roas died
 25975 | Lair:8   | Reached skill level 5 in Polearms
 26538 | Lair:1   | Pacified an eight-headed hydra
 26651 | Orc:1    | Entered Level 1 of the Orcish Mines
 27904 | Orc:2    | Found Phopiwk's Distillery.
 28024 | Orc:2    | Reached skill level 10 in Armour
 29062 | Orc:2    | Upgraded the game from 0.16-a0-3303-g3c4fcab to 0.16-a0-3314-g628a0c2
 29373 | Orc:3    | Reached XP level 14. HP: 124/124 MP: 32/32
 29443 | Orc:3    | Reached skill level 17 in Invocations
 29519 | Orc:3    | Found Yfuafeg's Antique Armour Emporium.
 30023 | Orc:3    | Learned a level 2 spell: Blink
 30026 | Orc:3    | Learned a level 2 spell: Repel Missiles
 30190 | Orc:4    | Entered Level 4 of the Orcish Mines
 30430 | Orc:4    | Found a staircase to the Elven Halls.
 30530 | Orc:4    | Noticed an orc warlord
 30648 | Orc:4    | Pacified an orc warlord
 31144 | Orc:4    | Found Bagaot's Jewellery Emporium.
 31177 | Orc:4    | Noticed Nergalle
 31178 | Orc:4    | Pacified Nergalle
 32264 | Orc:4    | Found Ulaomm's Antique Armour Shoppe.
 32609 | Orc:4    | Found Twuag's Antique Weapon Shoppe.
 32630 | Orc:4    | Found Apuq's General Store.
 32630 | Orc:4    | Found Onupt's Jewellery Emporium.
 32645 | Orc:4    | Bought a brightly glowing trident for 161 gold pieces
 32931 | Orc:4    | Noticed Nessos
 32932 | Orc:4    | Noticed Urug
 32936 | Orc:4    | Pacified Nessos
 32937 | Orc:4    | Pacified Urug
 33710 | Orc:4    | Noticed an orc warlord
 33711 | Orc:4    | Pacified an orc warlord
 33761 | Orc:3    | Bought a scorched ring mail for 243 gold pieces
 33761 | Orc:3    | Bought a jewelled chain mail for 256 gold pieces
 33771 | Orc:3    | Identified the cursed -4 ring mail of Decompression {Str+1 Int+4 Curse} (You bought it in a shop on level 3 of the Orcish Mines)
 33782 | Orc:3    | Identified the cursed -10 chain mail of Hopscotch {Int+3 Dex-1} (You bought it in a shop on level 3 of the Orcish Mines)
 33979 | D:7      | Bought the cursed +0 chain mail of the Carpenter {rC+ MR+} for 211 gold pieces
 34183 | Elf:1    | Entered Level 1 of the Elven Halls
 36120 | Spider:1 | Entered Level 1 of the Spider Nest
 36826 | Shoals:1 | Entered Level 1 of the Shoals
 38295 | Shoals:1 | Reached skill level 18 in Invocations
 38386 | Shoals:1 | Upgraded the game from 0.16-a0-3314-g628a0c2 to 0.16-a0-3326-gb44eaf1
 38597 | D:11     | Noticed a tengu reaver
 38598 | D:11     | Pacified a tengu reaver
 38606 | D:11     | Mangled by an ettin

Action                   |  1- 3 |  4- 6 |  7- 9 | 10-12 | 13-15 || total
-------------------------+-------+-------+-------+-------+-------++-------
Melee: Club              |   127 |       |       |       |       ||   127
       Unarmed           |     3 |       |       |       |       ||     3
       Spear             |    11 |   153 |   591 |  1301 |  2848 ||  4904
Invok: Lesser Healing    |    23 |    28 |    86 |   243 |   202 ||   582
       Lesser Self-Heali |     4 |       |    13 |    29 |    56 ||   102
       Purification      |     1 |       |       |       |       ||     1
       Greater Healing   |       |       |     6 |    19 |    35 ||    60
       Greater Self-Heal |       |       |       |       |    16 ||    16
       Divine Vigour     |       |       |       |       |     1 ||     1
Evoke: Wand              |       |       |       |    13 |     3 ||    16
       Lamp of fire      |       |       |       |     1 |     1 ||     2
       Deck              |       |       |       |       |     1 ||     1
  Use: Scroll            |       |       |    25 |    15 |    17 ||    57
       Potion            |       |       |     1 |     3 |    12 ||    16
 Stab: Sleeping          |     1 |       |       |       |       ||     1
       Distracted        |       |       |       |     1 |     1 ||     2
  Eat: Chunk             |     1 |    13 |    21 |    69 |    66 ||   170
       Meat ration       |     1 |       |       |     2 |       ||     3
       Bread ration      |       |       |     2 |     1 |     2 ||     5
       Beef jerky        |       |       |     1 |     3 |     1 ||     5
       Fruit             |       |       |     2 |     7 |    31 ||    40
       Pizza             |       |       |       |       |     9 ||     9
